 Dungeon Crawl Stone Soup version 0.29.1-14-g9c671dbff4 (webtiles) character file.

Game seed: 14623744669892470129

39 protoss039 the Sneak (level 3, -1/18 HPs)
             Began as a Spriggan Enchanter on Feb 18, 2023.
             Killed from afar by Ijyb (6 damage)
             ... with a puff of flame
             ... on level 2 of the Dungeon.
             The game lasted 00:02:10 (2058 turns).

protoss039 the Sneak (Spriggan Enchanter)           Turns: 2058, Time: 00:02:11

Health: -1/18      AC:  2    Str:  4    XL:     3   Next: 28%
Magic:  3/8        EV: 18    Int: 22    God:
Gold:   47         SH:  0    Dex: 17    Spells: 0/8 levels left

rFire   . . .      SeeInvis +   a - +1 dagger
rCold   . . .      Faith    .   (no shield)
rNeg    . . .      Spirit   .   b - +0 robe
rPois   .          Reflect  .   (helmet restricted)
rElec   .          Harm     .   (no cloak)
rCorr   .          Rampage  .   (gloves unavailable)
Will    .....                   (boots unavailable)
Stlth   +++.......              (no amulet)
HPRegen 0.06/turn               i - +6 ring of intelligence
MPRegen 0.11/turn               (no ring)

@: very quick
A: very small, no large weapons, unfitting armour, see invisible, speed 3
a: no special abilities


You were on level 2 of the Dungeon.
You visited 1 branch of the dungeon, and saw 2 of its levels.

You collected 47 gold pieces.

Inventory:

Hand Weapons
 a - a +1 dagger (weapon)
Armour
 b - a +0 robe (worn)
Jewellery
 i - a +6 ring of intelligence (left hand)
Scrolls
 d - 6 scrolls of identify {unknown}
 f - a scroll of teleportation {unknown}
 g - a scroll of fog {unknown}
 h - a scroll of enchant armour {unknown}
 k - a scroll of amnesia {unknown}
Potions
 c - 2 potions of invisibility
 e - a potion of ambrosia {unknown}
 j - a potion of heal wounds {unknown}


   Skills:
 * Level 1.1 Fighting
 + Level 1.3 Short Blades
 * Level 3.5 Dodging
 + Level 4.7 Stealth
 + Level 3.0 Spellcasting
 + Level 3.8 Hexes


You couldn't memorise any spells.
You knew the following spells:

 Your Spells              Type           Power      Damage    Failure   Level
a - Ensorcelled Hibernat  Hex/Ice        22%        N/A       9%          2
b - Confusing Touch       Hex            20%        N/A       8%          3
c - Tukima's Dance        Hex            20%        N/A       8%          3

Your spell library contained the following spells:

 Spells                   Type           Power      Damage    Failure   Level
 Dazzling Flash           Conj/Hex       22%        N/A       17%         3


Dungeon Overview and Level Annotations

Branches:
Dungeon (2/15) Zot: 10291

Altars:

Annotations:
D:2 Ijyb


Innate Abilities, Weirdness & Mutations

You are very small and have problems with some larger weapons.
You are too small for most types of armour.
You have supernaturally acute eyesight. (SInv)
You cover ground extremely quickly. (Speed+++)


Message History

Aim: Ijyb, wielding a +0 dagger, wearing a +0 leather armour and carrying a wand of flame (16) (chance to affect: 53%) Ijyb resists with significant effort.
Ijyb misses you.
Unknown command.
Casting: Ensorcelled Hibernation (safe; 9% risk of failure)
Confirm with . or Enter, or press ? or * to list all spells.
Aiming: Ensorcelled Hibernation (safe; 9% risk of failure)
Press: ? - help, Shift-Dir - straight line, f/p - Ijyb
Aim: Ijyb, wielding a +0 dagger, wearing a +0 leather armour and carrying a wand of flame (16) (chance to affect: 53%) Ijyb looks drowsy...
Unknown command.
The helpless Ijyb fails to defend herself.
You impale Ijyb!!
Ijyb is almost dead.
Ijyb zaps a wand.
The puff of flame misses you.
Unknown command.
Casting: Ensorcelled Hibernation (safe; 9% risk of failure)
Confirm with . or Enter, or press ? or * to list all spells.
You don't have enough magic to cast this spell.
You hit Ijyb.
Ijyb is almost dead.
Ijyb hits you with a +0 dagger.
Unknown command.
You hit Ijyb but do no damage.
Ijyb is almost dead.
Ijyb hits you with a +0 dagger.
Unknown command.
You barely miss Ijyb.
Ijyb is almost dead.
Ijyb misses you.
Unknown command.
You hit Ijyb but do no damage.
Ijyb is almost dead.
Ijyb zaps a wand.
The puff of flame hits you!
* * * LOW HITPOINT WARNING * * *
You hit Ijyb but do no damage.
Ijyb is almost dead.
You hit Ijyb but do no damage.
Ijyb is almost dead.
Ijyb zaps a wand.
The puff of flame hits you.
You die...

>.....................#..)..##
........##..................#
.......#...............#....#
..#.......[.............#####
.....................#..###
.....................#....#
..#.#.#####..........###..##
.##....#########<....# #...##
.###...#.8.8.8.8@...## ###..#
.......#.......g...## #..###
..###..#).........## #....# #
####..........# ##...#
!.........# ##### ..........#
.8.8.8.8... ############


You could see Ijyb.

Vanquished Creatures
  A dart slug (D:2)
  3 ball pythons
  An endoplasm (D:2)
  9 goblins
  6 hobgoblins
  2 bats (D:2)
  A frilled lizard (D:1)
  2 kobolds
  10 rats (D:2)
35 creatures vanquished.

Notes
Turn   | Place    | Note
-------+----------+-------------------------------------------
     0 | D:1      | protoss039 the Spriggan Enchanter began the quest for the
                  | Orb.
     0 | D:1      | Reached XP level 1. HP: 9/9 MP: 5/5
   749 | D:1      | Reached XP level 2. HP: 11/14 MP: 6/6
   830 | D:1      | Learned a level 2 spell: Ensorcelled Hibernation
  1780 | D:2      | Reached skill level 1 in Fighting
  1829 | D:2      | Reached XP level 3. HP: 18/18 MP: 8/8
  1875 | D:2      | Noticed Ijyb
  2042 | D:1      | Learned a level 3 spell: Confusing Touch
  2046 | D:1      | Learned a level 3 spell: Tukima's Dance
  2058 | D:2      | Killed from afar by Ijyb

Illustrated notes

Levels and vault maps discovered:
D:1:      sevenhm_arrival_forest_fort_small_6, layout_loops_ring, st_stairs_12
D:2:      kennysheep_the_goblin_king, layout_rooms, minmay_rat_gold_closets

Skill      XL: |  1  2 |
---------------+-------+-----
Dodging        | 3 |  3.5
Spellcasting   | 3 |  3.0
Fighting       | 1 |  1.1
Short Blades   | |  1.3
Stealth        | |  4.7
Hexes          | |  3.8

Action                   || total
-------------------------++-------
Melee: Dagger            ||    95
       Punch             ||     3
 Cast: Ensorcelled Hiber ||    14
 Stab: Sleeping          ||    21
Armor: Robe              ||     8
Dodge: Dodged            ||    68
